 Dungeon Crawl Stone Soup version 0.20.1-1-g8b1a95d (webtiles) character file.

982 Gremour the Grappler (level 7, 0/60 (61) HPs)
             Began as a Troll Transmuter on Nov 7, 2017.
             Slain by an orc (2 damage)
             ... on level 8 of the Dungeon on Nov 8, 2017.
             The game lasted 00:30:35 (4555 turns).

Gremour the Grappler (Troll Transmuter)             Turns: 4555, Time: 00:30:39

HP:   0/60 (61)     AC:  5    Str: 23    XL:     7   Next: 96%
MP:   9/9           EV: 15    Int: 15    God:
Gold: 355           SH:  0    Dex: 17    Spells: 4/8 levels left

rFire    + . .     SeeInvis .     - Unarmed
rCold    + . .     Gourm    +   (no shield)
rNeg     . . .     Faith    .   b - +0 robe
rPois    +         Spirit   .   (helmet restricted)
rElec    +         Reflect  .   (no cloak)
rCorr    +         Harm     .   (gloves unavailable)
MR       .....                  (boots unavailable)
Stlth    ++........             (no amulet)
Regen    0.6/turn               g - +6 ring of intelligence
MPRegen  0.2/turn               A - +2 ring of strength

@: confused, agile, resistant
A: unfitting armour, antennae 1, claws 3, fast metabolism 3, gourmand, high mp
1, regeneration 1, shaggy fur 1, strong 1, tough skin 2
a: no special abilities


You were on level 8 of the Dungeon.
You were very full.

You visited 1 branch of the dungeon, and saw 7 of its levels.

You collected 355 gold pieces.

Inventory:

Missiles
 a - 87 arrows
Armour
 b - a +0 robe (worn)
 y - a scarf of spirit shield
Magical Staves
 w - an uncursed staff of wizardry
Jewellery
 g - a +6 ring of intelligence (left claw)
 p - an uncursed amulet of guardian spirit
 A - a +2 ring of strength (right claw)
 H - an uncursed ring of see invisible
 I - an uncursed ring of teleportation
Wands
 C - a wand of lightning (4/15)
Scrolls
 e - 4 scrolls of teleportation
 i - 6 scrolls of identify
 l - a scroll of blinking
 m - a scroll of amnesia
 n - a scroll of fear {unknown}
 q - a scroll of enchant weapon
 u - 2 scrolls of remove curse
 x - a scroll of fog {unknown}
Potions
 f - a potion of agility
 h - a potion of mutation
 j - 2 potions of magic
 k - a potion of flight {unknown}
 o - a potion of resistance
 v - a potion of ambrosia
 z - 2 potions of lignification {unknown}
 B - 2 potions of curing {unknown}
 D - a potion of degeneration {unknown}
 F - 2 potions of brilliance {unknown}
 G - a potion of berserk rage {unknown}
Books
 c - a book of Changes

   Spells                             Type                      Level
   a - Beastly Appendage              Transmutation                1
   b - Sticks to Snakes               Transmutation                2
   c - Spider Form                    Transmutation/Poison         3
   d - Ice Form                       Ice/Transmutation            4
   e - Blade Hands                    Transmutation                5
Comestibles
 d - 8 bread rations
 r - 4 fruits
 s - 3 royal jellies
 t - 4 meat rations


   Skills:
 - Level 0.7 Fighting
 - Level 1.9 Dodging
 + Level 9.3 Unarmed Combat
 - Level 1.4 Spellcasting
 - Level 2.0 Transmutations


You had 4 spell levels left.
You knew the following spells:

 Your Spells              Type           Power        Failure   Level  Hunger
a - Beastly Appendage     Tmut           #.....       11%         1    ##.....
s - Spider Form           Tmut/Pois      #.........   43%         3    ####...


Dungeon Overview and Level Annotations

Branches:
Dungeon (6/15)
 Temple: D:4-7

Altars:
Gozag
Ru
Sif Muna


Innate Abilities, Weirdness & Mutations

You are too large for most types of armour.
You have claws for hands.
Your metabolism is lightning-fast.
You like to eat raw meat.
Your natural rate of healing is unusually fast.
You are covered in fur. (AC +1)
You have very tough skin. (AC +2)
You have a pair of small antennae on your head.
You have an increased reservoir of magic. (+10% MP)
Your muscles are strong. (Str +2)


Message History

The orc priest closely misses you. The orc warrior hits you with a mace!
* * * LOW HITPOINT WARNING * * *
It was a potion of agility.
You feel agile all of a sudden.
It was a potion of mutation.
You feel extremely strange. A pair of antennae grows on your head!
You feel more energetic.
You feel stronger. The orc warrior barely misses you.
It was a potion of resistance.
You feel protected. The orc priest barely misses you.
The orc warrior misses you. The orc barely misses you.
It was a potion of ambrosia.
You are confused.
You feel invigorated.
The orc priest calls upon Beogh to heal the orc warrior.
The orc warrior is healed somewhat.
The orc warrior hits you with a mace!
* * * LOW HITPOINT WARNING * * *
The orc hits you.
You die...

##..#....#....# ...
........#.....#.....
..............<.....
............####....
............########
............##....#
............##....#
......(.#...##....#.#
#########..(')(.@o'.#
#...##..oo##....
#...##....# .
######....# ######


You could see an orc warrior, an orc priest and an orc.

Vanquished Creatures
  2 ogres
  A necrophage (D:6)
  2 bullfrogs (D:6)
  A crimson imp (D:5)
  2 bullfrog skeletons
  3 iguanas
  Terence (D:3)
  2 orc wizards
  3 worker ants (D:4)
  A hound zombie (D:4)
  A howler monkey zombie (D:5)
  15 adders
  3 oozes
  An adder skeleton (D:4)
  5 worms
  A dart slug (D:4)
  4 leopard geckos
  9 orcs
  A ball python (D:2)
  5 giant cockroaches
  4 goblins
  6 hobgoblins
  12 jackals
  4 quokkas
  7 bats
  2 frilled lizards
  3 kobolds
  A quokka skeleton (D:4)
  5 rats
  A plant (D:2)
108 creatures vanquished.

Vanquished Creatures (others)
  4 toadstools (D:1)
4 creatures vanquished.

Grand Total: 112 creatures vanquished

Notes
Turn   | Place    | Note
-------+----------+-------------------------------------------
     0 | D:1      | Gremour the Troll Transmuter began the quest for the Orb.
     0 | D:1      | Reached XP level 1. HP: 18/18 MP: 1/1
   484 | D:1      | Reached XP level 2. HP: 24/26 MP: 0/2
   920 | D:2      | Reached XP level 3. HP: 32/32 MP: 4/4
  1114 | D:2      | Learned a level 3 spell: Spider Form
  1461 | D:2      | Reached skill level 4 in Unarmed Combat
  1655 | D:3      | Reached XP level 4. HP: 15/40 MP: 3/5
  1735 | D:3      | Found an opulent altar of Gozag.
  1883 | D:3      | Noticed Terence
  1894 | D:3      | Killed Terence
  1994 | D:3      | Reached skill level 5 in Unarmed Combat
  1994 | D:3      | Reached XP level 5. HP: 41/46 MP: 4/6
  2743 | D:4      | Noticed an ogre
  2756 | D:4      | Killed an ogre
  2756 | D:4      | Reached skill level 6 in Unarmed Combat
  2756 | D:4      | Reached XP level 6. HP: 28/54 MP: 1/7
  2990 | D:4      | Found a deep blue altar of Sif Muna.
  3081 | D:4      | Reached skill level 7 in Unarmed Combat
  3250 | D:5      | Entered Level 5 of the Dungeon
  3393 | D:5      | Reached XP level 7. HP: 61/61 MP: 8/8
  3491 | D:5      | Found a sacrificial altar of Ru.
  3709 | D:5      | Reached skill level 8 in Unarmed Combat
  4177 | D:6      | Reached skill level 9 in Unarmed Combat
  4269 | D:6      | You fall through a shaft for 2 floors!
  4553 | D:8      | Gained mutation: You have a pair of small antennae on your head. [potion of mutation]
  4553 | D:8      | Gained mutation: You have an increased reservoir of magic. (+10% MP) [potion of mutation]
  4553 | D:8      | Gained mutation: Your muscles are strong. (Str +2) [potion of mutation]
  4555 | D:8      | HP: 2/60 [orc warrior/mace (8)]
  4555 | D:8      | Slain by an orc

Skill      XL: |  1  2  3  4  5  6  7 |
---------------+----------------------+-----
Unarmed Combat | 4 5 6 7 9 |  9.3
Transmutations | 2 |  2.0
Fighting       | |  0.7
Dodging        | |  1.9
Spellcasting   | |  1.4

Action                   |  1- 3 |  4- 6 |  7- 9 || total
-------------------------+-------+-------+-------++-------
Melee: Unarmed           |   105 |   131 |    75 ||   311
       Headbutt          |     8 |     4 |     1 ||    13
       Kick              |     1 |     4 |     4 ||     9
       Punch             |     1 |     2 |     3 ||     6
 Cast: Beastly Appendage |    11 |     8 |     4 ||    23
       Spider Form       |       |     2 |     1 ||     3
  Use: Scroll            |       |     8 |     1 ||     9
       Potion            |       |       |     5 ||     5
 Stab: Sleeping          |       |     1 |       ||     1
  Eat: Chunk             |    15 |    17 |    15 ||    47
Armor: Robe              |    51 |    31 |    28 ||   110
       Skin              |       |     1 |       ||     1
Dodge: Dodged            |    50 |    77 |    55 ||   182
